 Dungeon Crawl Stone Soup version 0.17-a0-2014-g32cd421 (webtiles) character file.

51 Goblin1989 the Insei (level 3, -6/19 HPs)
             Began as a Vine Stalker Monk on Oct 10, 2015.
             Mangled by Sigmund
             ... wielding a +0 scythe of protection
              (12 damage)
             ... on level 2 of the Dungeon.
             The game lasted 00:04:07 (988 turns).

Goblin1989 the Insei (Vine Stalker Monk)             Turns: 988, Time: 00:04:07

Health: -6/19      AC:  3    Str: 13    XL:     3   Next: 83%
Magic:  0/4        EV: 13    Int: 10    God:
Gold:   121        SH:  0    Dex: 17    Spells: 0 memorised, 2 levels left

rFire  . . .     SeeInvis .       - Unarmed
rCold  . . .     Clarity  .     a - +0 robe
rNeg   . . .     SustAt   .     (no shield)
rPois  .         Gourm    .     (no helmet)
rElec  .         Spirit   +     (no cloak)
rCorr  .         Warding  .     i - +0 pair of gloves
rMut   .         Stasis   .     (no boots)
MR     .....                    (no amulet)
Stlth  +++.......               (no ring)
                                (no ring)

@: not resistant to hostile enchantments, fairly stealthy
A: fangs 2, regeneration 1, magic shield, antimagic bite, no device heal 3, rot
immunity
a: no special abilities


You were on level 2 of the Dungeon.
You were not hungry.

You visited 1 branch of the dungeon, and saw 2 of its levels.

You collected 121 gold pieces.

Inventory:

Hand Weapons
 b - a +0 dagger
Missiles
 e - 3 needles of paralysis
 l - 8 needles of sleeping
Armour
 a - a +0 robe (worn)
 i - a +0 pair of gloves (worn)
Jewellery
 m - a +4 ring of evasion {unknown}
Scrolls
 f - a scroll of enchant armour {unknown}
 g - a scroll of immolation {unknown}
Potions
 j - a potion of flight {unknown}
 k - a potion of mutation {unknown}
Comestibles
 c - a beef jerky
 d - a bread ration
 h - a meat ration


   Skills:
 - Level 2.6 Fighting
 * Level 2.3 Short Blades
 - Level 2.4 Dodging
 + Level 3.5 Stealth
 - Level 4.0 Unarmed Combat


You had 2 spell levels left.
You didn't know any spells.

Dungeon Overview and Level Annotations

Branches:
Dungeon (2/15)

Altars:

Annotations:
D:2 Sigmund


Innate Abilities, Weirdness & Mutations

You have extremely sharp teeth.
Your natural rate of healing is unusually fast.
When hurt, damage is shared between your health and your magic reserves.
Your bite disrupts and absorbs the magic of your enemies.
Potions and wands cannot restore your health.
You are immune to rotting.


Message History

Sigmund hits you with a scythe of protection!
You closely miss Sigmund.
Sigmund is lightly wounded.
You are now empty-handed.
Sigmund closely misses you.
You barely miss Sigmund. You bite Sigmund, but do no damage.
Sigmund is lightly wounded.
You hit Sigmund but do no damage.
Sigmund is lightly wounded.
Sigmund closely misses you.
You hit Sigmund but do no damage.
Sigmund is lightly wounded.
You hit Sigmund.
Sigmund is lightly wounded.
Sigmund hits you with a scythe of protection.
* * * LOW HITPOINT WARNING * * *
You hit Sigmund. Your bite misses Sigmund.
Sigmund is moderately wounded.
Sigmund hits you with a scythe of protection!
Ouch! That really hurt!
You die...

#######.........# #..
#....##.......... ##..
#....##.......... +...
#....'........... ####
#....##.#'#..... ####
#.....#.#.# .... #...
#.....#.#.# .. #...
#.....#.#.# #...
#.....#.#@# #...
##'#..#.#@# #...
#.#..#.#.# #...
#.#....#.# #...
#.##.###.# #...
#.##.#...# #######...
#.##.#...#######.....#...
#.##.#...............####
.)##.#...............#


You could see Sigmund.

Vanquished Creatures
  2 adders (D:2)
  2 oozes (D:2)
  A giant gecko (D:1)
  3 bats
  2 giant cockroaches (D:2)
  3 goblins
  4 hobgoblins
  2 kobolds
  A giant newt (D:1)
  3 rats
23 creatures vanquished.

Notes
Turn   | Place    | Note
--------------------------------------------------------------
     0 | D:1      | Goblin1989 the Vine Stalker Monk began the quest for the Orb.
     0 | D:1      | Reached XP level 1. HP: 11/11 MP: 2/2
   103 | D:1      | Reached skill level 1 in Short Blades
   189 | D:1      | Reached XP level 2. HP: 7/16 MP: 1/3
   687 | D:2      | Reached XP level 3. HP: 9/19 MP: 1/4
   879 | D:2      | Found a faded altar to an unknown god.
   973 | D:2      | Noticed Sigmund
   988 | D:2      | Mangled by Sigmund

Vault maps used:
D:1:      minmay_arrival_four_houses
D:2:      ecumenical_altar_1, kennysheep_generic_room_11, uniq_sigmund

Action                   || total
-------------------------++-------
Melee: Unarmed           ||    94
       Dagger            ||     3
 Stab: Sleeping          ||     4
